 Dungeon Crawl Stone Soup version 0.22-a0-284-g99d1f74 (webtiles) character file.

16565 grindst0ne the Fighter (level 12, -6/126 HPs)
             Began as a Kobold Berserker on Mar 21, 2018.
             Was a High Priest of Trog.
             Mangled by a spiny frog (16 damage)
             ... on level 1 of the Lair of Beasts.
             The game lasted 00:28:51 (12550 turns).

grindst0ne the Fighter (Kobold Berserker)          Turns: 12550, Time: 00:28:52

Health: -6/126     AC: 15    Str: 21    XL:     12   Next: 71%
Magic:  16/16      EV: 22    Int: 12    God:    Trog [*****.]
Gold:   506        SH:  0    Dex: 20    Spells: 11/11 levels left

rFire    . . .     SeeInvis .   b - +1 scimitar (flame)
rCold    . . .     Gourm    .   (shield restricted)
rNeg     . . .     Faith    .   D - +3 leather armour {MR+}
rPois    +         Spirit   .   (no helmet)
rElec    .         Reflect  .   w - +1 cloak {rPois}
rCorr    .         Harm     .   h - +0 pair of gloves (curse)
MR       +++..                  o - +0 pair of boots
Stlth    ..........             G - amulet of the acrobat
HPRegen  1.31/turn              z - +3 ring of protection
MPRegen  0.15/turn              B - +6 ring of dexterity

@: berserking (expiring), regenerating, very quick
A: small, carnivore
a: Berserk, Trog's Hand, Brothers in Arms, Renounce Religion


You were on level 1 of the Lair of Beasts.
You worshipped Trog.
Trog was extremely pleased with you.
You were very hungry.

You visited 2 branches of the dungeon, and saw 14 of its levels.

You collected 738 gold pieces.
You spent 232 gold pieces at shops.

Inventory:

Hand Weapons
 a - a +0 triple crossbow
 b - a +1 scimitar of flaming (weapon)
Missiles
 g - 8 tomahawks
 t - a throwing net (quivered)
 M - 105 bolts
Armour
 h - a cursed +0 pair of gloves (worn)
 o - a +0 pair of boots (worn)
 w - a +1 cloak of poison resistance (worn)
 D - a +3 leather armour of magic resistance (worn)
 K - a +0 plate armour of fire resistance
Jewellery
 u - an uncursed ring of magical power
 z - a +3 ring of protection (left hand)
 B - a +6 ring of dexterity (right hand)
 G - an amulet of the acrobat (around neck)
 N - an uncursed ring of protection from cold
 O - an uncursed ring of protection from fire
 P - an uncursed ring of positive energy
Wands
 e - a wand of paralysis (27)
 f - a wand of iceblast (11)
 q - a wand of flame (43)
 F - a wand of digging (10)
Scrolls
 j - 9 scrolls of remove curse
 k - 2 scrolls of fear {unknown}
 l - a scroll of amnesia {unknown}
 m - 3 scrolls of teleportation
 n - 4 scrolls of fog {unknown}
 x - a scroll of enchant weapon {unknown}
 y - a scroll of torment {unknown}
 E - 3 scrolls of blinking
 H - a scroll of acquirement {unknown}
 J - 2 scrolls of magic mapping {unknown}
Potions
 d - a potion of mutation
 i - 4 potions of might
 p - 6 potions of curing
 r - 2 potions of heal wounds {unknown}
 s - 2 potions of flight {unknown}
 v - a potion of agility
 A - a potion of haste
 C - a potion of lignification
 I - a potion of ambrosia
 L - a potion of magic
Comestibles
 c - 21 rations


   Skills:
 - Level 13.0 Fighting
   Level 5.0 Short Blades
 * Level 10.1 Crossbows
 + Level 8.6 Armour
 - Level 9.2 Dodging
 - Level 6.2 Evocations


You had 11 spell levels left.
You didn't know any spells.

Dungeon Overview and Level Annotations

Branches:
Dungeon (13/15)            Temple (0/1) D:6            Lair (1/6) D:11
    Orc (0/2) D:11         Vaults (0/5) D:13

Altars:
Cheibriados
Fedhas
Gozag
Kikubaaqudgha
Makhleb
Ru
Sif Muna
Trog
Uskayaw
Vehumet
Xom
Yredelemnul
Zin

Shops:
D:6 ?

Annotations:
D:9 exclusion: downstairs
D:11 exclusion: downstairs
D:12 exclusions: ice statue and orange crystal statue


Innate Abilities, Weirdness & Mutations

You are small and have problems with some larger weapons.
You are carnivorous and can eat meat at any time.


Message History

The flame cauterises the wound!
You slice the five-headed hydra!! You burn the five-headed hydra!
The five-headed hydra is severely wounded.
The five-headed hydra misses you. The five-headed hydra bites you.
* * * LOW HITPOINT WARNING * * *
The five-headed hydra bites you.
* * * LOW HITPOINT WARNING * * *
The five-headed hydra bites you!
* * * LOW HITPOINT WARNING * * *
The five-headed hydra bites you but does no damage.
You hack one of the five-headed hydra's heads off!
The flame cauterises the wound!
You slice the four-headed hydra!! You burn the four-headed hydra!
You kill the four-headed hydra!
Trog accepts your kill.
Your Crossbows skill increases to level 10!
You barely miss the spiny frog.
The spiny frog is moderately wounded.
The spiny frog stings you!
You die...

#..............
#......<.......
#..#.##.#......
. ##.###...#.
...###...##.....
#...............
##.###rt###.....
##F#.......
#.@....##
####.### #


You could see a spiny frog, a crocodile and a porcupine.

Vanquished Creatures
  A hydra (Lair:1)
  Erica (D:8)
  3 two-headed ogres
  The ghost of DEFE the Thaumaturge, a journeyman DEAr of Vehumet (D:12)
  An unseen horror (D:11)
  2 cyclopes
  4 ugly things
  Joseph (D:8)
  2 komodo dragons (D:11)
  A troll (D:12)
  The ghost of Demitroll the Insei, an amateur DsTm (D:5)
  2 hippogriffs
  3 slime creatures (D:12)
  Sigmund (D:5)
  A spriggan (D:11)
  8 redbacks (D:12)
  A vampire (D:12)
  A wraith (D:12)
  A wyvern (D:10)
  2 hungry ghosts
  A basilisk (D:12)
  Eustachio (D:5)
  A soldier ant (D:10)
  A porcupine (Lair:1)
  2 ice beasts
  6 orc warriors
  A black bear (D:7)
  An ogre (D:11)
  A sky beast (D:11)
  The ghost of Gildeon the Slasher, an amateur DgFi (D:4)
  A necrophage (D:10)
  3 centaurs
  A big kobold (D:10)
  8 bullfrogs
  A gnoll sergeant (D:6)
  A wight (D:6)
  11 killer bees
  5 howler monkeys
  5 crimson imps
  6 hounds
  A centaur zombie (D:11)
  Crazy Yiuf (D:5)
  3 jellies
  9 orc priests
  3 centaur skeletons
  2 bullfrog skeletons
  13 orc wizards
  4 iguanas
  7 worker ants
  A hound zombie (D:10)
  3 hound skeletons
  A howler monkey zombie (D:9)
  3 gnolls (D:6)
  A howler monkey skeleton (D:4)
  9 adders
  3 shadow imps
  A worm (D:4)
  4 dart slugs
  4 leopard geckos
  50 orcs
  4 bats
  5 giant cockroaches
  5 goblins
  9 hobgoblins
  10 jackals
  8 kobolds
  3 quokkas
  A ball python (D:7)
  8 frilled lizards
  A leopard gecko skeleton (D:4)
  6 rats
279 creatures vanquished.

Vanquished Creatures (others)
  A bullfrog (D:6)
  A wight (D:6)
  A gnoll (D:6)
  An orc (D:6)
  3 bushes (D:12)
  A fungus (Lair:1)
  5 plants (D:11)
13 creatures vanquished.

Grand Total: 292 creatures vanquished

Notes
Turn   | Place    | Note
-------+----------+-------------------------------------------
     0 | D:1      | grindst0ne the Kobold Berserker began the quest for the Orb.
     0 | D:1      | Reached XP level 1. HP: 14/14 MP: 1/1
    78 | D:1      | Reached XP level 2. HP: 16/19 MP: 2/2
   540 | D:1      | Reached XP level 3. HP: 22/24 MP: 3/3
   891 | D:1      | Reached skill level 4 in Fighting
  1015 | D:2      | Reached skill level 5 in Short Blades
  1026 | D:2      | Reached ** piety under Trog
  1122 | D:2      | Reached XP level 4. HP: 21/30 MP: 4/4
  1203 | D:2      | Found a bloodstained altar of Trog.
  1386 | D:2      | Found a burning altar of Makhleb.
  1502 | D:2      | Found a burning altar of Makhleb.
  1769 | D:3      | Reached skill level 5 in Fighting
  2031 | D:3      | Reached XP level 5. HP: 35/35 MP: 5/5
  2300 | D:4      | Noticed Gildeon's ghost (amateur DgFi)
  2306 | D:4      | Reached XP level 6. HP: 41/41 MP: 6/6
  2566 | D:4      | Killed Gildeon's ghost
  2566 | D:4      | Reached skill level 6 in Fighting
  2587 | D:4      | HP: 1/41 [something/puff of flame (9)]
  2969 | D:4      | Reached XP level 7. HP: 47/47 MP: 7/7
  3098 | D:4      | Reached skill level 5 in Dodging
  3115 | D:4      | Reached *** piety under Trog
  3291 | D:5      | Entered Level 5 of the Dungeon
  3300 | D:5      | Reached skill level 7 in Fighting
  3343 | D:5      | Noticed Eustachio
  3408 | D:5      | Killed Eustachio
  3408 | D:5      | Reached XP level 8. HP: 41/53 MP: 8/8
  3564 | D:5      | Noticed Demitroll's ghost (amateur DsTm)
  3591 | D:5      | Killed Demitroll's ghost
  3591 | D:5      | Reached skill level 8 in Fighting
  3627 | D:5      | Found a runed door.
  3792 | D:5      | Noticed Sigmund
  3801 | D:5      | Killed Sigmund
  4144 | D:5      | Noticed Crazy Yiuf
  4154 | D:5      | Killed Crazy Yiuf
  4269 | D:6      | Found Mirr's Magic Scroll Boutique.
  4278 | D:6      | Bought a scroll of blinking for 112 gold pieces
  4278 | D:6      | Bought a scroll of identify for 30 gold pieces
  4278 | D:6      | Bought a scroll of remove curse for 45 gold pieces
  4278 | D:6      | Bought a scroll of teleportation for 45 gold pieces
  4359 | D:6      | Found a staircase to the Ecumenical Temple.
  4402 | D:6      | Found a basalt altar of Yredelemnul.
  4405 | D:6      | Found a hide-covered altar of Uskayaw.
  4416 | D:6      | Reached skill level 9 in Fighting
  4416 | D:6      | Reached XP level 9. HP: 60/60 MP: 9/9
  4421 | D:6      | Found a shimmering altar of Xom.
  4759 | D:6      | Found a sacrificial altar of Ru.
  4762 | D:6      | Found a snail-covered altar of Cheibriados.
  4784 | D:6      | Found a radiant altar of Vehumet.
  4798 | D:6      | Found an ancient bone altar of Kikubaaqudgha.
  4798 | D:6      | Found a deep blue altar of Sif Muna.
  5395 | D:7      | Found a blossoming altar of Fedhas.
  5508 | D:7      | Reached skill level 10 in Fighting
  5748 | D:8      | Noticed Joseph
  5770 | D:8      | Killed Joseph
  5997 | D:8      | Noticed Erica
  6013 | D:8      | Killed Erica
  6013 | D:8      | Reached XP level 10. HP: 65/68 MP: 10/13
  6149 | D:8      | Reached **** piety under Trog
  6187 | D:8      | Reached skill level 11 in Fighting
  6652 | D:9      | Reached skill level 5 in Evocations
  7139 | D:9      | Noticed a two-headed ogre
  7146 | D:9      | Killed a two-headed ogre
  7146 | D:9      | Reached skill level 5 in Armour
  7326 | D:9      | Found an opulent altar of Gozag.
  7326 | D:9      | Found a glowing silver altar of Zin.
  7555 | D:10     | Entered Level 10 of the Dungeon
  7612 | D:10     | Noticed a two-headed ogre
  7622 | D:10     | Killed a two-headed ogre
  7622 | D:10     | Reached XP level 11. HP: 76/76 MP: 15/15
  7739 | D:10     | Reached skill level 12 in Fighting
  8375 | D:10     | Noticed a cyclops
  8381 | D:10     | Killed a cyclops
  8956 | D:11     | Reached skill level 1 in Crossbows
  9384 | D:11     | Noticed a two-headed ogre
  9392 | D:11     | Killed a two-headed ogre
  9628 | D:11     | Found a staircase to the Lair.
  9745 | D:11     | Reached ***** piety under Trog
  9800 | D:11     | Noticed a cyclops
  9814 | D:11     | Killed a cyclops
  9885 | D:11     | Noticed a red ugly thing
  9890 | D:11     | Killed a red ugly thing
  9890 | D:11     | Reached skill level 5 in Crossbows
  9912 | D:11     | Found an opulent altar of Gozag.
  9924 | D:11     | Reached skill level 13 in Fighting
 10023 | D:11     | Found a staircase to the Orcish Mines.
 10024 | D:11     | Noticed a red ugly thing
 10034 | D:11     | Killed a red ugly thing
 10214 | D:11     | Killed an unseen horror
 10214 | D:11     | Reached XP level 12. HP: 48/84 MP: 16/16
 10981 | D:12     | Noticed DEFE's ghost (journeyman DEAr)
 11019 | D:12     | Killed DEFE's ghost
 12457 | D:13     | Found a gate to the Vaults.
 12457 | D:13     | Noticed a vault guard
 12457 | D:13     | Noticed a vault guard
 12457 | D:13     | Noticed a vault guard
 12528 | Lair:1   | Entered Level 1 of the Lair of Beasts
 12528 | Lair:1   | Noticed a seven-headed hydra
 12549 | Lair:1   | Killed a four-headed hydra
 12549 | Lair:1   | Reached skill level 10 in Crossbows
 12550 | Lair:1   | Mangled by a spiny frog

Vault maps used:
D:1:      dpeg_arrival_rhombus, minmay_misc_feat_tower, minmay_parallelograms,
          hangedman_feature_mirror, minivault_5, minmay_splitting_lines
D:2:      lightli_temple_of_fire, lemuel_round_altar, first_ration,
          bloody_makhleb
D:5:      uniq_sigmund, uniq_eustachio, uniq_crazy_yiuf_cottage
D:6:      grunt_temple_overflow_magic_moments, xom_confusion_cloud,
          nicolae_overflow_hidden_temple, minmay_temple_entry_butterflies,
          serial_shops, shop
D:7:      lemuel_doored_altar
D:8:      uniq_erica, uniq_joseph
D:9:      grunt_temple_overflow_gold_and_silver
D:10:     cheibrodos_elevator_heist
D:11:     david_lair_shrubbed, erik_orc_3, basic_altar, the_bakery,
          kennysheep_nondescript, nicolae_benzene_ring
D:12:     serial_park, serial_park_square2, serial_park_paths,
          serial_park_square1, spider_trap, david_greed
D:13:     lightli_vaults_fourway_checkpoint, serial_shops, kennysheep_mini_moat,
          shop_coins, nicolae_shop_waterfront, kennysheep_mini, uniq_kirke
Lair:1:   dragon1_lemuel, beast_lair_carwin_3

Skill      XL: |  1  2  3  4  5  6  7  8  9 10 11 12 |
---------------+-------------------------------------+-----
Fighting       | 4 5 6 7 9 10 11 13 | 13.0
Short Blades   | 5 |  5.0
Dodging        | 3 4 6 8 9 |  9.2
Armour         | 4 5 7 8 |  8.6
Evocations     | 4 6 |  6.2
Crossbows      | 6 10 | 10.1

Action                   |  1- 3 |  4- 6 |  7- 9 | 10-12 || total
-------------------------+-------+-------+-------+-------++-------
Melee: Short sword       |    99 |   262 |   450 |       ||   811
       Dagger            |       |       |    21 |       ||    21
       Scimitar          |       |       |       |   398 ||   398
 Fire: Triple crossbow   |       |       |       |     6 ||     6
Invok: Berserk           |     3 |     7 |    21 |    32 ||    63
       Trog's Hand       |       |     2 |     5 |     6 ||    13
  Use: Scroll            |       |       |     6 |     6 ||    12
       Potion            |       |       |       |     2 ||     2
 Stab: Sleeping          |       |       |       |     2 ||     2
  Eat: Chunk             |    10 |    14 |    38 |    43 ||   105
       Ration            |       |       |       |     3 ||     3
Armor: Animal skin       |     5 |       |       |       ||     5
       Ring mail         |    16 |    18 |       |       ||    34
       Plate armour      |       |   192 |   262 |       ||   454
       Leather armour    |       |       |     1 |   148 ||   149
Dodge: Dodged            |    81 |   121 |   180 |   630 ||  1012
       Rpst.: Scimitar   |       |       |       |   152 ||   152

Table legend:
 A = Spawn XP
 B = Non-spawn XP
 C = Spawn XP percentage of total XP
 D = Spawn monster count
 E = Non-spawn monster count
 F = Spawn count percentage of total count
 G = Total turns spent on level
                    A         B        C        D         E        F      G
               +---------+---------+-------+---------+---------+-------+---------
         Total |       0 |   23665 |   0.0 |       0 |     279 |   0.0 | 12550
               +---------+---------+-------+---------+---------+-------+---------
           D:1 |       0 |      37 |   0.0 |       0 |      20 |   0.0 |   991
           D:2 |       0 |      71 |   0.0 |       0 |      26 |   0.0 |   720
           D:3 |       0 |     118 |   0.0 |       0 |      20 |   0.0 |   945
           D:4 |       0 |     477 |   0.0 |       0 |      21 |   0.0 |   635
           D:5 |       0 |    1020 |   0.0 |       0 |      16 |   0.0 |   909
           D:6 |       0 |     786 |   0.0 |       0 |      19 |   0.0 |   753
           D:7 |       0 |     508 |   0.0 |       0 |      14 |   0.0 |   760
           D:8 |       0 |    2232 |   0.0 |       0 |      17 |   0.0 |  1059
           D:9 |       0 |    1479 |   0.0 |       0 |      12 |   0.0 |  1132
          D:10 |       0 |    3707 |   0.0 |       0 |      34 |   0.0 |  1453
          D:11 |       0 |    5958 |   0.0 |       0 |      48 |   0.0 |  1264
          D:12 |       0 |    6129 |   0.0 |       0 |      29 |   0.0 |  1884
          D:13 |       0 |      36 |   0.0 |       0 |       1 |   0.0 |    23
        Lair:1 |       0 |    1107 |   0.0 |       0 |       2 |   0.0 |    22
               +---------+---------+-------+---------+---------+-------+---------
